 Dungeon Crawl Stone Soup version 0.22.0-6-g71bd7aa (webtiles) character file.

37 lukekx100 the Vexing (level 3, 0/42 HPs)
             Began as a Gnoll Arcane Marksman on Aug 14, 2018.
             Slain by Natasha (3 damage)
             ... on level 2 of the Dungeon.
             The game lasted 00:03:25 (1232 turns).

lukekx100 the Vexing (Gnoll Arcane Marksman)        Turns: 1232, Time: 00:03:25

Health: 0/42       AC: 21    Str: 13    XL:     3   Next: 41%
Magic:  7/7        EV:  2    Int: 15    God:
Gold:   27         SH:  0    Dex: 15    Spells: 4/7 levels left

rFire    . . .     SeeInvis .   a - +0 hand crossbow
rCold    . . .     Gourm    .   (no shield)
rNeg     + + +     Faith    .   (armour currently unavailable)
rPois    +         Spirit   .   (helmet currently unavailable)
rElec    .         Reflect  .   (cloak currently unavailable)
rCorr    .         Harm     .   (gloves currently unavailable)
MR       .....     NoTele   +   (boots currently unavailable)
Stlth    ++........             (no amulet)
HPRegen  0.14/turn              (no ring)
MPRegen  0.10/turn              (no ring)

@: tree-form (expiring), slowed, very slow
A: distributed training, strong nose
a: no special abilities


You were on level 2 of the Dungeon.
You were hungry.
You were a tree.
You visited 1 branch of the dungeon, and saw 2 of its levels.

You collected 27 gold pieces.

Inventory:

Hand Weapons
 a - a +0 hand crossbow (weapon)
Missiles
 c - 21 arrows
 d - 37 bolts (quivered)
Armour
 e - a +0 robe
 j - a +0 ring mail (melded)
Jewellery
 k - an uncursed ring of protection from fire {unknown}
Scrolls
 b - 3 scrolls of identify {unknown}
 h - a scroll of teleportation {unknown}
 l - a scroll of immolation {unknown}
 m - a scroll of enchant weapon {unknown}
Potions
 g - a potion of ambrosia {unknown}
 i - a potion of haste {unknown}
Comestibles
 f - 3 rations


   Skills:
 + Level 2.6 Fighting
 + Level 0.7 Short Blades
 + Level 0.7 Long Blades
 + Level 0.7 Axes
 + Level 0.7 Maces & Flails
 + Level 0.7 Polearms
 + Level 0.7 Staves
 + Level 0.7 Slings
 + Level 0.7 Bows
 + Level 4.5 Crossbows
 + Level 0.7 Throwing
 + Level 0.7 Armour
 + Level 4.5 Dodging
 + Level 0.7 Stealth
 + Level 0.7 Shields
 + Level 0.7 Unarmed Combat
 + Level 2.8 Spellcasting
 + Level 0.5 Conjurations
 + Level 5.4 Hexes
 + Level 0.5 Charms
 + Level 0.5 Summonings
 + Level 0.5 Necromancy
 + Level 0.5 Translocations
 + Level 0.5 Transmutations
 + Level 0.5 Fire Magic
 + Level 0.5 Ice Magic
 + Level 0.5 Air Magic
 + Level 0.5 Earth Magic
 + Level 0.5 Poison Magic
 + Level 0.9 Invocations
 + Level 0.7 Evocations


You had 4 spell levels left.
You knew the following spells:

 Your Spells              Type           Power        Failure   Level  Hunger
a - Corona                Hex            ###....      2%          1    #......
b - Slow                  Hex            ###.....     3%          2    ##.....

Your spell library contained the following spells:

 Spells                   Type           Power        Failure   Level  Hunger
 Cause Fear               Hex            ###.......   22%         4    #####..
 Portal Projectile        Hex/Tloc       ##....       19%         3    ###....
 Leda's Liquefaction      Hex/Erth       ##........   52%         4    #####..
 Inner Flame              Hex/Fire       ##......     19%         3    ###....


Dungeon Overview and Level Annotations

Branches:
Dungeon (2/15)

Altars:

Annotations:
D:2 Natasha


Innate Abilities, Weirdness & Mutations

Your experience applies equally to all skills.
((You have very sharp teeth.))
Your uncanny sense of smell can sniff out nearby items.


Message History

Natasha is severely wounded.
Natasha claws you but does no damage. x2
You closely miss Natasha.
Natasha is severely wounded.
Natasha claws you but does no damage. x3
You clumsily bash Natasha but do no damage.
Natasha is severely wounded.
Natasha stares at you and mumbles some strange words.
The magic dart hits you! Natasha casts a spell at you.
You feel as though you will be slow longer.
You barely miss Natasha.
Natasha is severely wounded.
Your transformation is almost over.
Natasha claws you.
* * * LOW HITPOINT WARNING * * *
Natasha mumbles some strange words.
Natasha shimmers violently.
Natasha claws you.
You die...

#. ####...>.......#
#.#####..............#
#.....#........##.####
#.....#........##.#
#.....#........##.#
#..........######.#
#.....####.# #.#
#........#.######.#######
#.....##♣#.##...)....#...
#.....##h#.##.###.##.#.##
#.....##(#.##.###.#..>...
............##.....#..#.##
.............##.....#..#†#.
..........(.. #.....#......
............ ##...##...†..
...(..# #...##......
#...##......


You could see Natasha.

Vanquished Creatures
  A worm (D:2)
  4 dart slugs
  3 bats
  3 goblins
  4 hobgoblins
  4 kobolds
  4 frilled lizards
  5 rats
28 creatures vanquished.

Notes
Turn   | Place    | Note
-------+----------+-------------------------------------------
     0 | D:1      | lukekx100 the Gnoll Arcane Marksman began the quest for the Orb.
     0 | D:1      | Reached XP level 1. HP: 17/17 MP: 4/4
   248 | D:1      | Reached XP level 2. HP: 23/23 MP: 5/5
   386 | D:1      | Learned a level 2 spell: Slow
  1000 | D:2      | Reached XP level 3. HP: 27/28 MP: 7/7
  1220 | D:2      | Noticed Natasha
  1232 | D:2      | Slain by Natasha

Action                   || total
-------------------------++-------
Melee: Hand crossbow     ||     6
 Fire: Hand crossbow     ||    86
  Use: Potion            ||     1
Armor: Robe              ||     5
       Skin              ||     7
       Ring mail         ||     3
Dodge: Dodged            ||    19
